 Dungeon Crawl Stone Soup version 0.30.0-29-ga12c61a403 (webtiles) character file.

Game seed: 7890487414371908315

440 Fodor the Covered (level 6, -1/53 HPs)
             Began as a Minotaur Fighter on June 11, 2023.
             Was an Initiate of Ashenzari.
             Slain by a gnoll
             ... wielding a +0 halberd
             ... led by a gnoll bouda
              (2 damage)
             ... on level 5 of the Dungeon.
             The game lasted 00:14:26 (2812 turns).

Fodor the Covered (Minotaur Fighter)                Turns: 2812, Time: 00:14:26

Health: -1/53      AC:  8    Str: 21    XL:     6   Next: 70%
Magic:  5/5        EV: 10    Int:  5    God:    Ashenzari [......]
Gold:   204        SH:  5    Dex: 11    Spells: 5/5 levels left

rFire   . . .        a - +0 long sword
rCold   . . .        c - +0 buckler
rNeg    + . .        b - +0 scale mail
rPois   .            (helmet restricted)
rElec   .            (no cloak)
rCorr   .            (no gloves)
SInv    .            m - +0 pair of boots
Will    .....        (no amulet) Stlth
                     r - ring of positive energy
HPRegen 0.28/turn    (no ring)
MPRegen 0.09/turn

%: no passive effects
@: no status effects
A: horns 2, retaliatory headbutt
a: Renounce Religion, Curse Item


You were on level 5 of the Dungeon.
You worshipped Ashenzari.
Ashenzari was noncommittal.
You visited 1 branch of the dungeon, and saw 5 of its levels.

You collected 204 gold pieces.

Inventory:

Hand Weapons
 a - a +0 long sword (weapon)
Missiles
 h - 34 stones (quivered)
Armour
 b - a +0 scale mail (worn)
 c - a +0 buckler (worn)
 m - a +0 pair of boots (worn)
Jewellery
 r - a ring of positive energy (left hand)
Wands
 u - a wand of flame (2)
Scrolls
 f - a scroll of immolation
 g - 2 scrolls of enchant armour
 i - a scroll of fear
 n - a scroll of blinking {unknown}
 p - a scroll of teleportation {unknown}
 s - a scroll of enchant weapon {unknown}
 v - a scroll of amnesia {unknown}
Potions
 d - a potion of might
 e - 4 potions of curing {unknown}
 j - 3 potions of heal wounds {unknown}
 k - a potion of attraction {unknown}
 l - 2 potions of ambrosia {unknown}
 o - 2 potions of brilliance {unknown}
 q - 2 potions of cancellation {unknown}
 t - a potion of mutation {unknown}


   Skills:
 + Level 4.6 Fighting
 + Level 5.3 Long Blades
 + Level 0.1 Throwing
 + Level 6.2 Armour
 + Level 1.3 Dodging
 + Level 0.1 Stealth
 + Level 4.5 Shields


You had 5 spell levels left.
You didn't know any spells.
Your spell library contained the following spells:

 Spells                   Type           Power      Damage    Failure   Level
 Sublimation of Blood     Necr           0%         N/A       94%         2
 Inner Flame              Hex/Fire       0%         N/A       99%         3
 Petrify                  Tmut/Erth      0%         N/A       100%        4
 Irradiate                Conj/Tmut      0%         3d11      100%        5
 Yara's Violent Unravell  Hex/Tmut       0%         3d3       100%        5
 Enfeeble                 Hex            0%         N/A       100%        7


Dungeon Overview and Level Annotations

Branches:
Dungeon (5/15)
 Temple: D:4-7

Altars:
Ashenzari

Shops:
D:2 *   D:4 [


Innate Abilities, Weirdness & Mutations

You have a pair of horns on your head.
You reflexively headbutt those who attack you in melee.


Message History

You hit the gnoll bouda but do no damage.
The gnoll bouda is heavily wounded.
The gnoll bouda closely misses you.
You hit the gnoll bouda. You headbutt the gnoll bouda.
The gnoll bouda is almost dead.
The gnoll bouda hits you with a +0 club.
The gnoll hits you from afar with a +0 halberd.
You hit the gnoll bouda.
You kill the gnoll bouda!
A gnoll comes into view. It is wielding a +0 spear.
The gnoll hits you but does no damage.
Your Armour skill increases to level 6!
You slash the gnoll!
You headbutt the gnoll, but do no damage.
The gnoll is heavily wounded.
The gnoll closely misses you. You furiously retaliate!
You headbutt the gnoll!
You kill the gnoll!
The gnoll hits you from afar with a +0 halberd!
The gnoll hits you but does no damage. You block the gnoll's attack.
The gnoll hits you with a +0 spear.
Items here: )) [ †.
You barely miss the gnoll. The gnoll hits you with a +0 halberd.
The gnoll barely misses you. x2; You furiously retaliate!
You headbutt the gnoll, but do no damage.
You hit the gnoll but do no damage. The gnoll hits you but does no damage.
The gnoll hits you with a +0 halberd!
* * * LOW HITPOINT WARNING * * *
You slash the gnoll! You headbutt the gnoll.
The gnoll is almost dead.
The gnoll hits you but does no damage. The gnoll hits you with a +0 halberd.
* * * LOW HITPOINT WARNING * * *
You closely miss the gnoll.
The gnoll is almost dead.
The gnoll is no longer moving quickly.
The gnoll barely misses you. You furiously retaliate!
You headbutt the gnoll.
You kill the gnoll!
The gnoll hits you with a +0 halberd!
* * * LOW HITPOINT WARNING * * *
The gnoll hits you from afar with a +0 halberd.
You die...

.. g. .## ..# .. #
##### .##.###
#...#####.......
#....@))........
......$####g####..##
.......#.......#
#####..#.......#
....#.......#
###.^..._...#
#.#.......#
#.#.......# #
#......[#


You could see a gnoll (swift).

Vanquished Creatures
  Sigmund (D:4)
  2 hounds
  A gnoll bouda (D:5)
  An iguana (D:3)
  2 gnolls (D:5)
  7 adders
  4 worms
  4 orcs (D:4)
  5 bats
  6 endoplasms
  7 giant cockroaches
  9 goblins
  4 hobgoblins
  3 jackals (D:1)
  2 quokkas
  5 ball pythons
  3 frilled lizards (D:2)
  4 kobolds
  5 rats
75 creatures vanquished.

Notes
Turn   | Place    | Note
-------+----------+-------------------------------------------
     0 | D:1      | Fodor the Minotaur Fighter began the quest for the Orb.
     0 | D:1      | Reached XP level 1. HP: 19/19 MP: 0/0
   106 | D:1      | Reached XP level 2. HP: 27/27 MP: 1/1
   199 | D:1      | Reached skill level 4 in Armour
   685 | D:2      | Reached XP level 3. HP: 28/33 MP: 2/2
   963 | D:2      | Found Cyffiv's Assorted Antiques.
  1271 | D:2      | Reached XP level 4. HP: 37/40 MP: 3/3
  1357 | D:2      | Found a faded altar of an unknown god.
  1370 | D:2      | Prayed at the altar of an unknown god.
  1370 | D:2      | Became a worshipper of Ashenzari the Shackled
  1838 | D:3      | Reached skill level 5 in Armour
  1838 | D:3      | Reached XP level 5. HP: 46/46 MP: 4/4
  2444 | D:4      | Found Zeuhyafuu's Antique Armour Emporium.
  2491 | D:4      | Noticed Sigmund
  2507 | D:4      | Killed Sigmund
  2508 | D:4      | Reached skill level 5 in Long Blades
  2508 | D:4      | Reached skill level 1 in Dodging
  2508 | D:4      | Reached XP level 6. HP: 30/53 MP: 5/5
  2772 | D:5      | Entered Level 5 of the Dungeon
  2772 | D:5      | Found a broken altar of Ashenzari.
  2806 | D:5      | Reached skill level 6 in Armour
  2811 | D:5      | HP: 1/53 [gnoll/+0 halberd[a gnoll bouda] (8)]
  2812 | D:5      | Slain by a gnoll

Illustrated notes

Levels and vault maps discovered:
D:1:      mainiacjoe_arrival_reflecting_pool, layout_basic
D:2:      layout_loops_ring, serial_shops, nicolae_diamond_shop,
          shapermc_ecumenical_altar_hornbeckon, serial_forest,
          infiniplex_forest_zigzag_1, infiniplex_forest_lined_1,
          infiniplex_forest_clump_double, infiniplex_forest_lined_corner,
          infiniplex_forest_pool, infiniplex_forest_straight_3,
          infiniplex_forest_lined_4_way, infiniplex_forest_lined_2,
          infiniplex_forest_pool, grunt_ministairs_4
D:3:      layout_loops_cross
D:4:      layout_rooms, serial_shops, nicolae_shop_hallway_stairs, uniq_sigmund
D:5:      layout_rooms, tgw_kikubaaqudgha, lemuel_tele_altar,
          fedhas_altar_fruit_tree, serial_shops,
          nicolae_shop_temple_entry_statues_fountains

Skill      XL: |  1  2  3  4  5  6 |
---------------+-------------------+-----
Armour         | 4 5 6 |  6.2
Fighting       | 4 |  4.6
Long Blades    | 3 4 5 |  5.3
Shields        | 4 |  4.5
Dodging        | 1 |  1.3
Throwing       | |  0.1
Stealth        | |  0.1

Action                     |  1- 3 |  4- 6 || total
---------------------------+-------+-------++-------
  Melee: Long sword        |    96 |   112 ||   208
         Headbutt          |    20 |    23 ||    43
  Throw: Stone             |       |     3 ||     3
    Use: Scroll            |       |     3 ||     3
 Armour: Scale mail        |    53 |    64 ||   117
  Dodge: Dodged            |    48 |    55 ||   103
  Block: Buckler           |    28 |    20 ||    48
